 Dungeon Crawl Stone Soup version 0.31.0-11-ge490571c62 (webtiles) character file.

Game seed: 4472791231401753688

11403 Ashen the Covert (level 11, -16/83 HPs)
             Began as a Gnoll Enchanter on Feb 7, 2024.
             Was a Follower of Uskayaw.
             Demolished by a slime creature (18 damage)
             ... in a Gauntlet.
             The game lasted 00:42:33 (13303 turns).

Ashen the Covert (Gnoll Enchanter)                 Turns: 13303, Time: 00:42:33

Health: -16/83     AC:  3    Str:  7    XL:     11   Next: 77%
Magic:  6/23       EV: 16    Int: 14    God:    Uskayaw [*.....]
Gold:   143        SH:  6    Dex: 18    Spells: 16/27 levels left

rFire   . . .        m - +2 dagger (speed)
rCold   . . .        s - +0 buckler
rNeg    . . .        b - +0 robe
rPois   .            (no helmet)
rElec   .            (no cloak)
rCorr   .            J - +0 pair of gloves
SInv    .            (no boots)
Will    .....        (no amulet)
Stlth   ++++         y - ring of wizardry
HPRegen 0.33/turn    (no ring)
MPRegen 0.18/turn

%: no teleportation, wizardry (x1)
@: no status effects
A: fangs 1, strong nose, distributed training
a: Renounce Religion, Stomp


You were in a Gauntlet.
You worshipped Uskayaw.
Uskayaw was noncommittal.
You visited 2 branches of the dungeon, and saw 12 of its levels.
You also visited: Ossuary and Gauntlet.

You collected 548 gold pieces.
You spent 405 gold pieces at shops.

Inventory:

Hand Weapons
 m - a +2 dagger of speed (weapon)
 q - a +2 dagger of venom
 F - a +4 trident
 N - a +0 dagger of electrocution
Missiles
 C - 10 poisoned darts (quivered)
 I - a curare-tipped dart
Armour
 b - a +0 robe (worn)
 s - a +0 buckler (worn)
 J - a +0 pair of gloves (worn)
Jewellery
 e - a ring of ice
 k - the ring "Vergh" {rPois rC+ Will- rCorr Int+4}
   (You found it on level 2 of the Dungeon)

   [ring of resist corrosion]

   Int+4:     It affects your intelligence (+4).
   rC+:       It protects you from cold.
   rPois:     It protects you from poison Will-: It decreases your willpower.
   rCorr:     It protects you from acid and corrosion.
 y - a ring of wizardry (left hand)
 P - a ring of magical power
Wands
 r - a wand of flame (8)
 x - a wand of iceblast (7)
 D - a wand of paralysis (8)
 G - a wand of mindburst (6)
Scrolls
 a - 2 scrolls of blinking
 d - 3 scrolls of immolation
 f - 2 scrolls of vulnerability
 h - a scroll of enchant weapon
 i - a scroll of silence
 l - 4 scrolls of poison
 o - 2 scrolls of revelation
 p - 3 scrolls of noise
 u - 4 scrolls of amnesia
 v - 2 scrolls of enchant armour
 w - a scroll of fear
 E - 2 scrolls of torment
 H - 4 scrolls of fog
 L - 5 scrolls of teleportation
 M - a scroll of brand weapon {unknown}
 O - 2 scrolls of identify
Potions
 c - a potion of invisibility
 g - 2 potions of might
 j - 5 potions of heal wounds
 n - 2 potions of curing
 t - 2 potions of enlightenment
 z - a potion of attraction
 A - a potion of resistance
 B - 2 potions of haste
 K - a potion of lignification


   Skills:
 + Level 6.8 Fighting
 + Level 7.4 Short Blades
 + Level 6.8 Long Blades
 + Level 6.8 Axes
 + Level 6.8 Maces & Flails
 + Level 6.8 Polearms
 + Level 6.8 Staves
 + Level 6.8 Ranged Weapons
 + Level 6.8 Throwing
 + Level 6.8 Armour
 + Level 8.3 Dodging
 + Level 9.2 Stealth
 + Level 6.8 Shields
 + Level 6.8 Unarmed Combat
 + Level 8.6 Spellcasting
 + Level 5.7 Conjurations
 + Level 8.0 Hexes
 + Level 5.7 Summonings
 + Level 5.7 Necromancy
 + Level 5.7 Translocations
 + Level 5.7 Fire Magic
 + Level 5.7 Ice Magic
 + Level 5.7 Air Magic
 + Level 5.7 Earth Magic
 + Level 5.7 Alchemy
 + Level 7.5 Invocations
 + Level 6.8 Evocations
 + Level 6.2 Shapeshifting


You had 16 spell levels left.
You knew the following spells:

 Your Spells              Type           Power      Damage    Failure   Level
a - Ensorcelled Hibernat  Hex/Ice        50%        N/A       1%          2
b - Confusing Touch       Hex            28%        N/A       1%          3
c - Tukima's Dance        Hex            28%        N/A       1%          3
d - Dazzling Flash        Conj/Hex       50%        N/A       1%          3

Your spell library contained the following spells:

 Spells                   Type           Power      Damage    Failure   Level
 Kiss of Death            Conj/Necr      84%        2d11      1%          1
 Necrotise                Necr           84%        1d8       1%          1
 Shock                    Conj/Air       84%        1d8       1%          1
 Cigotuvi's Dreadful Rot  Necr/Alch/Air  42%        N/A       1%          2
 Static Discharge         Conj/Air       42%        3-5/arc   1%          2
 Swiftness                Air            21%        N/A       1%          3
 Vampiric Draining        Necr           21%        2d7       1%          3
 Volatile Blastmotes      Fire/Tloc      42%        2d13      1%          3
 Airstrike                Air            10%        2d(2-18)  7%          4
 Dispel Undead            Necr           21%        3d11      7%          4
 Fulminant Prism          Conj/Alch      10%        3d9       7%          4
 Iskenderun's Mystic Bla  Conj/Tloc      21%        2d6       7%          4
 Martyr's Knell           Necr/Summ      21%        N/A       7%          4
 Passage of Golubria      Tloc           21%        N/A       7%          4
 Summon Lightning Spire   Summ/Air       21%        N/A       7%          4
 Yara's Violent Unravell  Hex/Alch       12%        3d7       12%         5
 Curse of Agony           Necr           21%        N/A       19%         5
 Death Channel            Necr           10%        N/A       67%         6


Dungeon Overview and Level Annotations

Branches:
Dungeon (11/15)            Temple (1/1) D:7            Lair (0/5) D:10
    Orc (0/2) D:10        Ossuary (visited)         Gauntlet (1/1)

Altars:
Ashenzari
Cheibriados
Dithmenos
Elyvilon
Fedhas
Gozag
Hepliaklqana
Kikubaaqudgha
Makhleb
Nemelex Xobeh
Okawaru
Qazlal
Ru
Sif Muna
Trog
Uskayaw
Vehumet
Wu Jian
Xom
Yredelemnul
Zin
The Shining One

Shops:
D:2 :!   D:4 =   D:6 *   D:9 ?

Annotations:
D:8 1 runed translucent door
D:10 exclusion: oklob plant Gauntlet 11 transporters, exclusion: obsidian statue


Innate Abilities, Weirdness & Mutations

You have very sharp teeth.
Your uncanny sense of smell can sniff out nearby items.
Your experience applies equally to all skills.


Message History

Press: ? - help, Shift-Dir - straight line, f/p - slime creature
Aim: a slime creature (chance to affect: 38%)
The slime creature resists with some effort.
The slime creature completely misses you.
Casting: Ensorcelled Hibernation (safe; 1% risk of failure)
Confirm with . or Enter, or press ? or * to list all spells.
Aiming: Ensorcelled Hibernation (safe; 1% risk of failure)
Press: ? - help, Shift-Dir - straight line, f/p - slime creature
Aim: a slime creature (chance to affect: 38%)
The slime creature resists with some effort.
The slime creature jiggles.
The slime creature hits you! The jelly barely misses you.
Casting: Ensorcelled Hibernation (safe; 1% risk of failure)
Confirm with . or Enter, or press ? or * to list all spells.
Aiming: Ensorcelled Hibernation (safe; 1% risk of failure)
Press: ? - help, Shift-Dir - straight line, f/p - slime creature
Aim: a slime creature (chance to affect: 38%)
The slime creature resists with some effort.
The slime creature hits you! You block the jelly's attack.
Casting: Ensorcelled Hibernation (safe; 1% risk of failure)
Confirm with . or Enter, or press ? or * to list all spells.
Aiming: Ensorcelled Hibernation (safe; 1% risk of failure)
Press: ? - help, Shift-Dir - straight line, f/p - slime creature
Aim: a slime creature (chance to affect: 38%)
The slime creature resists with some effort.
The slime creature hits you!
* * * LOW HITPOINT WARNING * * *
The jelly closely misses you.
Casting: Ensorcelled Hibernation (safe; 1% risk of failure)
Confirm with . or Enter, or press ? or * to list all spells.
Aiming: Ensorcelled Hibernation (safe; 1% risk of failure)
Press: ? - help, Shift-Dir - straight line, f/p - slime creature
Aim: a slime creature (chance to affect: 38%)
The slime creature resists with some effort.
The jelly hits you.
* * * LOW HITPOINT WARNING * * *
You are splashed with acid!
* * * LOW HITPOINT WARNING * * *
The slime creature hits you!!
You die...

©.#....≈.............≈....#.©.#..
..#...§8§...........≈8§§..#...#.8
©.#...§§§............≈....#.©.#..
######§.§###########...##########
©?[Zk#...#?.≈"©..≈.#.8.#.........
...#.#...#.≈...≈.≈.#...#Z##...##.
..##.#...#.≈≈...≈..#####.# #.#.#.
###..#...#.≈.≈≈≈.≈.#...#..##.##.$
©....#...#≈..≈©J@≈≈#©.©#..#.©.#.©
.##..#...#≈.≈..J≈..#...#..##.##.$
..##.#...#.≈.≈≈.≈≈.#####.#.#Z#.#.
...#.#.∩.#.≈..≈..≈.#...#Z##...##.
.....#...#..≈≈...≈.#.8.#ZZ.......
######.§.###########...##########
©.......§.....©..................
......≈§§........................
#################################


You could see a slime creature and a jelly.

Vanquished Creatures
  2 two-headed ogres (D:9)
  Pikel (D:7)
  A deep elf pyromancer (D:10)
  A cyclops (D:11)
  Maurice (D:9)
  Maggie (D:9)
  A slime creature (Gauntlet)
  8 spriggans (D:8)
  Eustachio (D:5)
  15 yaks
  An acid dragon (D:9)
  3 ice beasts
  7 orc warriors
  A black bear (D:6)
  2 ogres
  2 centaurs (D:8)
  A lemure (D:7)
  2 phantoms
  A kobold brigand (D:8)
  3 elf zombies (Ossuary)
  A weeping skull (Ossuary)
  A scorpion (D:6)
  3 bullfrogs
  3 wights
  5 killer bees
  3 bombardier beetles
  6 howler monkeys (D:9)
  A lava snake (D:7)
  A centaur zombie (Ossuary)
  4 hounds
  A human zombie (Ossuary)
  3 jellies
  A gnoll bouda (D:8)
  9 orc priests
  5 iguanas
  A sleepcap (D:7)
  16 orc wizards
  A crocodile zombie (Ossuary)
  4 hound zombies (Ossuary)
  3 mummies (Ossuary)
  6 adders
  5 gnolls (D:8)
  A shadow imp (D:5)
  3 white imps
  An adder zombie (Ossuary)
  A dart slug (D:1)
  2 ribbon worms (D:2)
  48 orcs
  6 bats
  3 endoplasms
  4 giant cockroaches
  5 goblins
  4 hobgoblins
  3 jackals (D:1)
  3 quokkas
  7 ball pythons
  8 ball python zombies (Ossuary)
  A gnoll zombie (Ossuary)
  6 jackal zombies (Ossuary)
  13 kobolds
  4 kobold zombies (Ossuary)
  7 rats
268 creatures vanquished.

Vanquished Creatures (collateral kills)
  2 wights (D:7)
  An orc priest (D:11)
3 creatures vanquished.

Vanquished Creatures (others)
  A dancing weapon (D:9)
  An orc wizard (D:5)
  An orc (D:4)
3 creatures vanquished.

Grand Total: 274 creatures vanquished

Notes
Turn   | Place    | Note
-------+----------+-------------------------------------------
     0 | D:1      | Ashen the Gnoll Enchanter began the quest for the Orb.
     0 | D:1      | Reached XP level 1. HP: 13/13 MP: 6/6
   222 | D:1      | Reached XP level 2. HP: 17/19 MP: 7/7
   244 | D:1      | Learned a level 2 spell: Ensorcelled Hibernation
   878 | D:1      | Reached skill level 5 in Spellcasting
   878 | D:1      | Reached XP level 3. HP: 24/25 MP: 0/9
  1381 | D:1      | Learned a level 3 spell: Confusing Touch
  1385 | D:1      | Learned a level 3 spell: Tukima's Dance
  1389 | D:1      | Learned a level 3 spell: Dazzling Flash
  1399 | D:2      | Identified the ring "Vergh" {rPois rC+ Will- rCorr Int+4}
  1427 | D:2      | Reached skill level 6 in Stealth
  1468 | D:2      | Found an opulent altar of Gozag.
  1502 | D:2      | Reached skill level 1 in Invocations
  1692 | D:2      | Reached skill level 1 in Fighting
  1692 | D:2      | Reached skill level 1 in Long Blades
  1692 | D:2      | Reached skill level 1 in Axes
  1692 | D:2      | Reached skill level 1 in Maces & Flails
  1692 | D:2      | Reached skill level 1 in Polearms
  1692 | D:2      | Reached skill level 1 in Staves
  1692 | D:2      | Reached skill level 1 in Ranged Weapons
  1692 | D:2      | Reached skill level 1 in Throwing
  1692 | D:2      | Reached skill level 1 in Armour
  1692 | D:2      | Reached skill level 1 in Shields
  1692 | D:2      | Reached skill level 1 in Unarmed Combat
  1692 | D:2      | Reached skill level 1 in Evocations
  1858 | D:2      | Reached skill level 1 in Shapeshifting
  1858 | D:2      | Reached XP level 4. HP: 32/32 MP: 11/11
  1936 | D:2      | Found Foopsaon's Distillery.
  1945 | D:2      | Bought a potion of curing for 42 gold pieces
  1947 | D:2      | Found Hiheuhok's Book Shop.
  2218 | D:3      | Reached skill level 1 in Conjurations
  2218 | D:3      | Reached skill level 1 in Summonings
  2218 | D:3      | Reached skill level 1 in Necromancy
  2218 | D:3      | Reached skill level 1 in Translocations
  2218 | D:3      | Reached skill level 1 in Fire Magic
  2218 | D:3      | Reached skill level 1 in Ice Magic
  2218 | D:3      | Reached skill level 1 in Air Magic
  2218 | D:3      | Reached skill level 1 in Earth Magic
  2218 | D:3      | Reached skill level 1 in Alchemy
  2921 | D:3      | Found an opulent altar of Gozag.
  2925 | D:3      | Found a shimmering altar of Xom.
  2931 | D:3      | Found a shimmering blue altar of Sif Muna.
  3160 | D:4      | Found Maaheimeph's Jewellery Boutique.
  3175 | D:4      | Noticed an ogre
  3181 | D:4      | Killed an ogre
  3182 | D:4      | Reached XP level 5. HP: 38/38 MP: 2/12
  3390 | D:4      | Reached XP level 6. HP: 7/44 MP: 7/13
  3772 | D:5      | Entered Level 5 of the Dungeon
  3784 | D:5      | Reached skill level 5 in Dodging
  3905 | D:5      | Noticed Eustachio
  3954 | D:5      | Found a sand-covered staircase.
  3959 | Ossuary  | Entered an ossuary
  4296 | Ossuary  | Reached XP level 7. HP: 50/50 MP: 10/15
  4819 | D:5      | Reached XP level 8. HP: 45/58 MP: 3/16
  4918 | D:5      | Noticed a yak
  5044 | D:5      | Noticed a yak
  5058 | D:5      | Noticed a yak
  5058 | D:5      | Noticed a yak
  5154 | D:5      | Killed Eustachio
  5202 | D:5      | Noticed a yak
  5242 | D:5      | Killed a yak
  5286 | D:5      | Reached skill level 7 in Stealth
  5325 | D:5      | Killed a yak
  5395 | D:5      | Killed a yak
  5397 | D:5      | Killed a yak
  5398 | D:5      | Reached XP level 9. HP: 42/65 MP: 11/18
  5891 | D:5      | Reached skill level 5 in Short Blades
  6613 | D:6      | Found Ovurewk's Fire Supplies.
  6657 | D:6      | Bought a scroll of immolation for 48 gold pieces
  6983 | D:6      | Reached skill level 5 in Invocations
  7245 | D:7      | Noticed Pikel
  7254 | D:7      | Killed Pikel
  7337 | D:7      | Reached skill level 5 in Fighting
  7337 | D:7      | Reached skill level 5 in Long Blades
  7337 | D:7      | Reached skill level 5 in Axes
  7337 | D:7      | Reached skill level 5 in Maces & Flails
  7337 | D:7      | Reached skill level 5 in Polearms
  7337 | D:7      | Reached skill level 5 in Staves
  7337 | D:7      | Reached skill level 5 in Ranged Weapons
  7337 | D:7      | Reached skill level 5 in Throwing
  7337 | D:7      | Reached skill level 5 in Armour
  7337 | D:7      | Reached skill level 5 in Shields
  7337 | D:7      | Reached skill level 5 in Unarmed Combat
  7337 | D:7      | Reached skill level 5 in Evocations
  7337 | D:7      | Reached XP level 10. HP: 74/74 MP: 18/20
  7727 | D:7      | Reached skill level 8 in Stealth
  8018 | D:7      | Found a staircase to the Ecumenical Temple.
  8027 | Temple   | Entered the Ecumenical Temple
  8042 | Temple   | Became a worshipper of Uskayaw the Reveller
  8373 | D:8      | Reached * piety under Uskayaw
  8742 | D:8      | Reached ** piety under Uskayaw
  8791 | D:8      | Reached *** piety under Uskayaw
  8901 | D:8      | Reached skill level 5 in Shapeshifting
  9786 | D:8      | Found a runed translucent door.
  9790 | D:8      | Found a basalt altar of Yredelemnul.
 10257 | D:9      | Noticed Maggie
 10270 | D:9      | Killed Maggie
 10271 | D:9      | Reached skill level 5 in Conjurations
 10271 | D:9      | Reached skill level 5 in Summonings
 10271 | D:9      | Reached skill level 5 in Necromancy
 10271 | D:9      | Reached skill level 5 in Translocations
 10271 | D:9      | Reached skill level 5 in Fire Magic
 10271 | D:9      | Reached skill level 5 in Ice Magic
 10271 | D:9      | Reached skill level 5 in Air Magic
 10271 | D:9      | Reached skill level 5 in Earth Magic
 10271 | D:9      | Reached skill level 5 in Alchemy
 10271 | D:9      | Reached XP level 11. HP: 50/81 MP: 18/23
 10413 | D:9      | Noticed a two-headed ogre
 10414 | D:9      | Noticed Maurice
 10447 | D:9      | Killed a two-headed ogre
 10686 | D:9      | Found Aqopnual's Magic Scroll Boutique.
 10694 | D:9      | Bought a scroll of teleportation for 45 gold pieces
 10694 | D:9      | Bought a scroll of teleportation for 45 gold pieces
 10694 | D:9      | Bought a scroll of teleportation for 45 gold pieces
 10694 | D:9      | Bought a scroll of fog for 60 gold pieces
 10694 | D:9      | Bought a scroll of identify for 30 gold pieces
 10694 | D:9      | Bought a scroll of identify for 30 gold pieces
 10694 | D:9      | Bought a scroll of fog for 60 gold pieces
 10869 | D:9      | Something stole a ring of ice
 10882 | D:9      | Something stole a +4 trident
 10953 | D:9      | Maurice stole 10 poisoned darts
 10962 | D:9      | Killed Maurice
 11302 | D:10     | Entered Level 10 of the Dungeon
 11321 | D:10     | Found a staircase to the Orcish Mines.
 11322 | D:10     | Noticed a two-headed ogre
 11350 | D:9      | Killed a two-headed ogre
 11753 | D:10     | Reached skill level 9 in Stealth
 11813 | D:10     | Reached **** piety under Uskayaw
 11818 | D:10     | Reached ***** piety under Uskayaw
 12364 | D:10     | Found a staircase to the Lair.
 12396 | D:10     | Noticed an oklob plant
 12697 | D:10     | Found a glowing silver altar of Zin.
 12718 | D:10     | Noticed a deep elf pyromancer
 12738 | D:10     | Killed a deep elf pyromancer
 12840 | D:11     | Noticed a cyclops
 12847 | D:11     | Killed a cyclops
 12856 | D:11     | Found a gate leading to a gauntlet.
 12992 | Gauntlet | Entered a Gauntlet
 12992 | Gauntlet | Found a transporter.
 12992 | Gauntlet | Found a transporter.
 12992 | Gauntlet | Found a transporter.
 13007 | Gauntlet | Noticed a death drake
 13044 | Gauntlet | Found a transporter.
 13055 | Gauntlet | Found a transporter.
 13059 | Gauntlet | Noticed a large abomination
 13078 | Gauntlet | Found a transporter.
 13094 | Gauntlet | Noticed a large abomination
 13098 | Gauntlet | Found a transporter.
 13117 | Gauntlet | Found a transporter.
 13125 | Gauntlet | Found a transporter.
 13145 | Gauntlet | Found a transporter.
 13187 | Gauntlet | Found a transporter.
 13194 | Gauntlet | Noticed an obsidian statue
 13195 | Gauntlet | Found a transporter.
 13303 | Gauntlet | HP: 2/83 [acid (9)]
 13303 | Gauntlet | Demolished by a slime creature

Illustrated notes

Levels and vault maps discovered:
D:1:      heliophobic_arrival_henge, layout_basic, minmay_misc_feat_tiny,
          grunt_decor_mini_mirrors, kennysheep_doodads
D:2:      layout_loops_ring, serial_shops, shop, shop, basic_altar
D:3:      layout_loops_ring, minmay_overflow_temple_star_quad
D:4:      layout_cave_pools, minmay_shop_enchanted_jewellery
D:5:      layout_rooms, enter_ossuary_2, uniq_eustachio
D:6:      layout_rooms, nicolae_shop_fire_sale [nicolae_sub_dead_trees]
D:7:      layout_cave_pools, minmay_temple_entry_antechambers,
          nicolae_hexahallways, kennysheep_generic_room_2, uniq_pikel
D:8:      kb_forest_paths, layout_basic, dk_yredelemnul_ordeal,
          serial_bayou_lagoon_a
D:9:      layout_basic, serial_shops, shop, uniq_maggie, uniq_maurice
D:10:     layout_roguey, zin_statuary, dpeg_oklobed_lair, david_orc_3,
          guppyfry_early_elven_hall
D:11:     layout_basic, gauntlet_entry_generic, uniq_harold
Temple:   bh_familiar_temple
Gauntlet: gammafunk_gauntlet_shortcut [gammafunk_gauntlet_arena_split_x,
          nicolae_gauntlet_arena_quarters, nicolae_gauntlet_arena_flowing_pool,
          gammafunk_gauntlet_arena_corners,
          gammafunk_gauntlet_arena_arrow_garden, nicolae_gauntlet_swirl,
          gauntlet_exit_watery]

Skill      XL: |  1  2  3  4  5  6  7  8  9 10 11 |
---------------+----------------------------------+-----
Spellcasting   | 5 6 7 8 |  8.6
Stealth        | 6 7 8 9 |  9.2
Invocations    | 1 2 3 4 5 6 7 |  7.5
Fighting       | 1 2 3 4 5 6 |  6.8
Long Blades    | 1 2 3 4 5 6 |  6.8
Axes           | 1 2 3 4 5 6 |  6.8
Maces & Flails | 1 2 3 4 5 6 |  6.8
Polearms       | 1 2 3 4 5 6 |  6.8
Staves         | 1 2 3 4 5 6 |  6.8
Ranged Weapons | 1 2 3 4 5 6 |  6.8
Throwing       | 1 2 3 4 5 6 |  6.8
Armour         | 1 2 3 4 5 6 |  6.8
Shields        | 1 2 3 4 5 6 |  6.8
Unarmed Combat | 1 2 3 4 5 6 |  6.8
Evocations     | 1 2 3 4 5 6 |  6.8
Shapeshifting  | 1 2 3 4 5 6 |  6.2
Conjurations   | 1 2 3 4 5 |  5.7
Summonings     | 1 2 3 4 5 |  5.7
Necromancy     | 1 2 3 4 5 |  5.7
Translocations | 1 2 3 4 5 |  5.7
Fire Magic     | 1 2 3 4 5 |  5.7
Ice Magic      | 1 2 3 4 5 |  5.7
Air Magic      | 1 2 3 4 5 |  5.7
Earth Magic    | 1 2 3 4 5 |  5.7
Alchemy        | 1 2 3 4 5 |  5.7
Short Blades   | 3 4 5 6 7 |  7.4
Dodging        | 5 6 7 8 |  8.3
Hexes          | 6 7 8 |  8.0

Action                     |  1- 3 |  4- 6 |  7- 9 | 10-12 || total
---------------------------+-------+-------+-------+-------++-------
  Melee: Dagger            |   106 |   169 |   270 |   339 ||   884
         Bite              |    10 |    16 |    43 |    42 ||   111
         Punch             |       |     4 |    10 |     2 ||    16
  Throw: Dart              |       |       |     3 |     6 ||     9
   Cast: Ensorcelled Hiber |    14 |    30 |    45 |   109 ||   198
         Tukima's Dance    |       |     1 |     6 |     8 ||    15
         Confusing Touch   |       |    11 |    20 |     6 ||    37
         Dazzling Flash    |       |       |       |    20 ||    20
 Invoke: Stomp             |       |       |       |     2 ||     2
  Evoke: Wand              |       |       |       |     7 ||     7
    Use: Potion            |       |     1 |     1 |     3 ||     5
         Scroll            |       |       |       |    18 ||    18
   Stab: Sleeping          |    13 |    29 |    33 |    71 ||   146
         Confused          |       |     6 |    23 |     7 ||    36
         Distracted        |       |     1 |       |     1 ||     2
         Invisible         |       |       |     4 |    12 ||    16
         Paralysed         |       |       |       |     6 ||     6
 Armour: Robe              |    36 |    64 |    74 |   136 ||   310
  Dodge: Dodged            |    70 |    83 |   123 |   150 ||   426
  Block: Buckler           |       |       |       |    36 ||    36
